 Dungeon Crawl Stone Soup version 0.20-a0-309-gcba9277 (webtiles) character file.

13 Banto the Vexing (level 2, 0/11 HPs)
             Began as a Felid Enchanter on Dec 19, 2016.
             Slain by a jackal (2 damage)
             ... on level 1 of the Dungeon.
             The game lasted 00:00:50 (910 turns).

Banto the Vexing (Felid Enchanter)                   Turns: 910, Time: 00:00:50

Health: 0/11       AC:  1    Str:  4    XL:     2   Next: 24%
Magic:  3/6        EV: 18    Int: 16    God:
Gold:   57         SH:  0    Dex: 16    Spells: 4/5 levels left
                                        Lives:  0   Deaths: 0

rFire  + . .     SeeInvis +       - Unarmed
rCold  . . .     Gourm    .     (armour unavailable)
rNeg   . . .     Faith    .     (shield unavailable)
rPois  .         Spirit   .     (helmet unavailable)
rElec  .         Reflect  .     (cloak unavailable)
rCorr  .         Harm     .     (gloves unavailable)
MR     .....                    (boots unavailable)
Stlth  +++.......               (no amulet)
                                (no ring)
                                e - ring of protection from fire

@: quick
A: no armour, no weapons or thrown items, stealth, claws 1, fangs 3, see
invisible, carnivore 3, speed 1, shaggy fur 1, slow metabolism 1, sharp paws
a: no special abilities


You were on level 1 of the Dungeon.
You were very full.

You visited 1 branch of the dungeon, and saw 2 of its levels.

You collected 57 gold pieces.

Inventory:

Jewellery
 e - a ring of protection from fire (left paw)
Scrolls
 d - 3 scrolls of identify {unknown}
 f - a scroll of teleportation {unknown}
 h - a scroll of recharging {unknown}
Potions
 c - a potion of ambrosia {unknown}
 i - 2 potions of agility {unknown}
 j - a potion of haste {unknown}
Books
 a - a book of Maledictions

   Spells                             Type                      Level
   a - Corona                         Hexes                        1
   b - Ensorcelled Hibernation        Hexes/Ice                    2
   c - Confuse                        Hexes                        3
   d - Tukima's Dance                 Hexes                        3
   e - Dazzling Spray                 Conjuration/Hexes            3
Comestibles
 b - a meat ration
 g - a beef jerky


   Skills:
 - Level 2.6 Dodging
 - Level 4.0 Stealth
 + Level 1.6 Unarmed Combat
 - Level 2.0 Spellcasting
 + Level 5.1 Hexes


You had 4 spell levels left.
You knew the following spells:

 Your Spells              Type           Power        Failure   Level  Hunger
a - Corona                Hex            ###....      2%          1    #......


Dungeon Overview and Level Annotations

Branches:
Dungeon (2/15)

Altars:


Innate Abilities, Weirdness & Mutations

You cannot wear armour.
You are incapable of wielding weapons or throwing items.
Your paws allow you to move quietly. (Stealth)
You have sharp claws.
You have razor-sharp teeth.
You have supernaturally acute eyesight. (SInv)
You are carnivorous and can eat meat at any time.
You cover ground quickly.
You are covered in fur. (AC +1)
You have a slow metabolism.
Your sharp claws are effective at attacking unaware monsters.


Message History

The jackal is outlined in light.
The jackal closely misses you.
You now have 3/6 mp.
You scratch the jackal.
The jackal is severely wounded.
The jackal misses you. x2
You scratch the jackal but do no damage.
The jackal is severely wounded.
The jackal closely misses you.
You scratch the jackal but do no damage.
The jackal is severely wounded.
The jackal misses you. The jackal completely misses you.
You scratch the jackal.
The jackal is almost dead.
The jackal bites you.
* * * LOW HITPOINT WARNING * * *
You take 3 damage, and have 2/11 hp.
MASSIVE DAMAGE!!
You barely miss the jackal.
The jackal is almost dead.
The jackal bites you.
You die...

.....................#
........##.......†...###
......#.##.........$....
..(...#.##...........###
...(..#.#............#
........#.#....Kg....#
......>)#.##.###h#####
....##..#.... #h#
..####..#.### #@##
...###....# #..#
.#..##....# ##.#
###.......# #.##
###.......# ###..####
..........# #.......#
##......#######.......#
....###...............#
.#...##.#######.......#


You could see 2 jackals, a goblin and a kobold.

Vanquished Creatures
  A bat (D:1)
  3 hobgoblins
  2 jackals (D:1)
  A kobold (D:1)
  3 frilled lizards (D:1)
  2 rats (D:1)
12 creatures vanquished.

Notes
Turn   | Place    | Note
-------+----------+-------------------------------------------
     0 | D:1      | Banto the Felid Enchanter began the quest for the Orb.
     0 | D:1      | Reached XP level 1. HP: 7/7 MP: 4/4
   826 | D:1      | Reached XP level 2. HP: 9/11 MP: 6/6
   875 | D:1      | Reached skill level 5 in Hexes
   910 | D:1      | Slain by a jackal

Vault maps used:
D:1:      sevenhm_arrival_forest_fort_small_6, corexii_item_surrounded_by_moat
D:2:      elyvilon_altar_4, evilmike_ruin_ashenzari

Skill      XL: |  1  2 |
---------------+-------+-----
Hexes          | 5 |  5.1
Dodging        | |  2.6
Stealth        | |  4.0
Unarmed Combat | |  1.6
Spellcasting   | |  2.0

Action                   || total
-------------------------++-------
Melee: Unarmed           ||    32
       Bite              ||     3
 Cast: Corona            ||     9
 Stab: Sleeping          ||     6
  Eat: Chunk             ||     7
Armor: Skin              ||     1
Dodge: Dodged            ||    31

Table legend:
 A = Turns spent in this place as a percentage of turns spent in the entire game.
 B = Non-inter-level travel turns spent in this place as a percentage of non-inter-level travel turns spent in the entire game.
 C = Inter-level travel turns spent in this place as a percentage of turns spent in this place.
 D = Turns resting spent in this place as a percentage of non-inter-level travel turns spent in this place.
 E = Turns spent auto-exploring this place as a percentage of non-inter-level travel turns spent in this place.
 F = Non-inter-level travel turns spent in this place divided by the number of levels of this place that you've seen.
                   A       B       C       D       E      F
               +-------+-------+-------+-------+-------+----------------------
         Total | 100.0 | 100.0 |   0.0 |   5.6 |   8.8 |  80.0
       Dungeon | 100.0 | 100.0 |   0.0 |   5.6 |   8.8 |  80.0
               +-------+-------+-------+-------+-------+----------------------

Table legend:
 A = Kills in this place as a percentage of kills in entire the game.
 B = Kills by you in this place as a percentage of kills by you in the entire game.
 C = Kills by friends in this place as a percentage of kills by friends in the entire game.
 D = Other kills in this place as a percentage of other kills in the entire game.
 E = Experience gained in this place as a percentage of experience gained in the entire game.
 F = Experience gained in this place divided by the number of levels of this place that you have seen.
                   A       B       C       D       E      F
               +-------+-------+-------+-------+-------+----------------------
         Total | 100.0 | 100.0 |  -nan |  -nan | 100.0 |   9.5
       Dungeon | 100.0 | 100.0 |  -nan |  -nan | 100.0 |   9.5
               +-------+-------+-------+-------+-------+----------------------
